Map: Taito Citadel LE

Players

Midaraine - Winner!

  • Race: Protoss Protoss
  • Spawn Location: 5:00

VOD

Have the link to the VOD?

Description

Time

  • Played on: June 19, 2026, 4:25 p.m.
  • Length: 16:20
Show
View Real Time Build Order
Export as new Build Order

Midaraine Protoss - Winner!

Build Orders:  

Get SALT Encoding   

  12  0:09  Probe (Chrono Boost)  
  13  0:22  Pylon  
  13  0:29  Probe (Chrono Boost)  
  14  0:46  Probe (Chrono Boost)  
  15  0:52  Gateway  
  15  1:03  Probe (Chrono Boost)  
  16  1:12  Assimilator  
  16  1:19  Probe (Chrono Boost)  
  17  1:30  Probe (Chrono Boost)  
  18  1:41  Probe (Chrono Boost)  
  19  1:57  Probe (Chrono Boost)  
  20  2:02  Cybernetics Core  
  20  2:14  Probe (Chrono Boost)  
  22  2:31  Probe (Chrono Boost), Nexus  
  22  2:48  Probe (Chrono Boost)  
  23  4:00  Assimilator  
  23  4:08  Pylon  
  23  4:12  Probe (Chrono Boost), Warp Gate  
  25  4:20  Probe (Chrono Boost)  
  25  4:23  Probe (Chrono Boost)  
  26  4:35  Probe (Chrono Boost)  
  26  4:37  Probe (Chrono Boost)  
  28  4:54  Probe (Chrono Boost)  
  29  5:01  Twilight Council  
  31  5:11  Probe x2 (Chrono Boost)  
  31  5:23  Pylon  
  31  5:27  Assimilator  
  31  5:28  Probe x2 (Chrono Boost)  
  33  5:31  Assimilator  
  33  5:45  Probe x2 (Chrono Boost)  
  35  6:02  Probe x2 (Chrono Boost)  
  37  6:19  Probe x2 (Chrono Boost)  
  39  6:23  Robotics Facility  
  39  6:28  Zealot  
  42  6:52  Probe x2 (Chrono Boost)  
  42  6:58  Zealot  
  45  7:09  Probe (Chrono Boost)  
  46  7:19  Stalker  
  48  7:45  Zealot  
  50  7:53  Charge  
  50  7:59  Robotics Bay  
  48  8:11  Zealot  
  50  8:42  Zealot  
  52  9:11  Pylon  
  52  9:20  Pylon  
  52  9:32  Colossus  
  56  10:17  Gateway x2  
  56  10:23  Gateway  
  56  10:28  Gateway  
  56  10:38  Colossus  
  62  11:06  Zealot  
  64  11:35  Stalker x2  
  64  11:38  Stalker  
  70  11:49  Pylon  
  70  12:07  Pylon  
  70  12:10  Observer  
  70  12:19  Zealot  
  73  12:20  Zealot x2  
  77  12:33  Stalker  
  77  12:37  Stalker  
  81  12:44  Pylon  
  81  12:58  Zealot  
  81  12:59  Zealot  
  85  13:34  Pylon  
  85  13:42  Zealot  
  85  13:43  Zealot  
  85  13:44  Zealot  
  85  13:46  Stalker  
  93  14:00  Zealot  
  95  14:23  Nexus  
Tags
 
Add a new tag
Caveats
  • Supply blocks, unpowered buildings, or Contaminate may cause inaccurate times.
  • Supply counts are checked every 10 seconds.